 Dungeon Crawl Stone Soup version 0.25-a0-589-g1e14c54 (webtiles) character file.

Game seed: 9863147495432873734, levelgen mode: deterministic

656 Anathematize the Vandal (level 7, -4/54 HPs)
             Began as a Demonspawn Arcane Marksman on Mar 11, 2020.
             Slain by a hornet zombie (9 damage)
             ... in an ossuary.
             The game lasted 00:26:13 (4996 turns).

Anathematize the Vandal (DsAM)                      Turns: 4996, Time: 00:26:14

Health: -4/54      AC:  7    Str: 12 (13) XL:     7   Next: 29%
Magic:  8/8        EV: 10    Int: 12 (14) God:
Gold:   115        SH:  0    Dex: 10 (13) Spells: 5/8 levels left

rFire    . . .     SeeInvis .   o - +0 dagger (venom)
rCold    . . .     Gourm    .   (no shield)
rNeg     . . .     Faith    .   i - +0 ring mail
rPois    .         Spirit   .   (no helmet)
rElec    .         Reflect  .   h - +1 cloak
rCorr    .         Harm     .   (no gloves)
MR       .....                  (no boots)
Stlth    ..........             (no amulet)
HPRegen  0.18/turn              (no ring)
MPRegen  0.11/turn              (no ring)

@: about to teleport, flying, very slightly contaminated, invisible
A: claws 1, powered by death 2
a: no special abilities


You were in an ossuary.
You were not hungry.

You visited 1 branch of the dungeon, and saw 4 of its levels.
You also visited: Ossuary.

You collected 115 gold pieces.

Inventory:

Hand Weapons
 a - a +0 hunting sling
 o - a +0 dagger of venom (weapon)
 q - a cursed -1 hunting sling
Missiles
 d - 21 sling bullets
 g - 16 poisoned darts (quivered)
 l - 81 stones
Armour
 h - a +1 cloak (worn)
 i - a +0 ring mail (worn)
 k - a +0 scale mail
 s - a +1 robe of fire resistance
Jewellery
 p - an uncursed ring of protection from magic {unknown}
Scrolls
 c - 3 scrolls of remove curse {unknown}
 e - a scroll of magic mapping
 m - a scroll of noise {unknown}
 r - a scroll of blinking {unknown}
 t - 2 scrolls of enchant armour {unknown}
 v - 3 scrolls of amnesia {unknown}
Potions
 b - a potion of haste
 x - a potion of mutation
Comestibles
 f - 6 rations


   Skills:
 + Level 4.1 Fighting
 + Level 4.6 Slings
 - Level 1.7 Dodging
 * Level 4.2 Unarmed Combat
 - Level 1.0 Spellcasting
 - Level 3.0 Hexes


You had 5 spell levels left.
You knew the following spells:

 Your Spells              Type           Power        Failure   Level  Hunger
a - Corona                Hex            #......      21%         1    ##.....
b - Slow                  Hex            #.......     30%         2    ###....

Your spell library contained the following spells:

 Spells                   Type           Power        Failure   Level  Hunger
 Inner Flame              Hex/Fire       #.......     73%         3    ####...
 Portal Projectile        Hex/Tloc       #.....       73%         3    ####...
 Cause Fear               Hex            #.........   89%         4    #####..
 Leda's Liquefaction      Hex/Erth       #.........   98%         4    #####..


Dungeon Overview and Level Annotations

Branches:
Dungeon (4/15)            Ossuary (1/1)
 Temple: D:4-7

Altars:
Fedhas


Innate Abilities, Weirdness & Mutations

You have sharp fingernails.
You regenerate health from kills.


Message History

The hornet zombie is moderately damaged.
The hornet zombie hits you.
You strike the helpless hornet zombie from behind!
You hit the hornet zombie.
The hornet zombie is moderately damaged.
The hornet zombie hits you but does no damage.
You hit the hornet zombie.
The hornet zombie is moderately damaged.
The hornet zombie hits you. The hornet zombie barely misses you.
You closely miss the hornet zombie.
The hornet zombie is moderately damaged.
The hornet zombie hits you!
Okay, then.
The hornet zombie hits you!
* * * LOW HITPOINT WARNING * * *
As you read the scroll of teleportation, it crumbles to dust.
You feel strangely unstable. The hornet zombie hits you.
* * * LOW HITPOINT WARNING * * *
The hornet zombie hits you!
You die...

##≈≈P≈P≈P#
≈≈##.≈.≈.#+#+#+#+#
#≈..≈.≈≈.≈.......+
#≈#≈≈##≈##+##'##.###
≈≈.≈.#...# #...#.'.#
≈≈≈≈≈#.∩.# #...#.###
≈≈P≈.#..∩# #...#.'.#
≈≈##.#####'#####.###
≈≈ '≈≈ (≈.≈.≈.@'.#
## #≈# #'#####Z###
#.'.# # #.### #.
#.'.# ##≈##≈##(###
≈(.≈≈.≈(.'.#
'#.≈.≈.#'###
#.≈P#.#.#


You could see a hornet zombie.

Vanquished Creatures
  A water moccasin zombie (Ossuary)
  A centaur zombie (Ossuary)
  2 bullfrog zombies (Ossuary)
  11 mummies (Ossuary)
  Jessica (D:2)
  Natasha (thrice) (D:3)
  An orc wizard (D:3)
  A hound zombie (Ossuary)
  A howler monkey zombie (Ossuary)
  7 adders
  A worm (D:2)
  A dart slug (D:1)
  5 leopard geckos
  5 orcs (D:3)
  2 giant cockroaches (D:3)
  4 goblins
  14 hobgoblins
  5 jackals
  8 kobolds
  A quokka (D:3)
  A ball python (D:1)
  5 bats
  6 frilled lizards
  A leopard gecko zombie (Ossuary)
  A quokka zombie (Ossuary)
  8 rats
97 creatures vanquished.

Vanquished Creatures (others)
  3 withered plants (Ossuary)
3 creatures vanquished.

Grand Total: 100 creatures vanquished

Notes
Turn   | Place    | Note
-------+----------+-------------------------------------------
     0 | D:1      | Anathematize the Demonspawn Arcane Marksman began the quest
                  | for the Orb.
     0 | D:1      | Reached XP level 1. HP: 15/15 MP: 2/2
   286 | D:1      | Gained mutation: You regenerate a little health from kills.
                  | [demonic ancestry]
   286 | D:1      | Reached XP level 2. HP: 21/21 MP: 3/3
   768 | D:1      | Reached XP level 3. HP: 25/27 MP: 4/4
   897 | D:1      | Learned a level 2 spell: Slow
  1272 | D:2      | Noticed Jessica
  1279 | D:2      | Killed Jessica
  1381 | D:2      | Gained mutation: You have sharp fingernails. [demonic
                  | ancestry]
  1381 | D:2      | Reached XP level 4. HP: 27/33 MP: 5/5
  2491 | D:2      | Reached skill level 1 in Unarmed Combat
  3164 | D:3      | Noticed Natasha
  3180 | D:3      | Killed Natasha
  3180 | D:3      | Gained mutation: You regenerate health from kills. [demonic
                  | ancestry]
  3180 | D:3      | Reached XP level 5. HP: 39/39 MP: 6/6
  3328 | D:3      | Found a blossoming altar of Fedhas.
  3692 | D:3      | Noticed Natasha
  3701 | D:3      | Killed Natasha
  3784 | D:3      | Noticed Natasha
  3959 | D:3      | Killed Natasha
  4038 | D:3      | Reached XP level 6. HP: 47/47 MP: 7/7
  4234 | D:4      | Found a sand-covered staircase.
  4262 | Ossuary  | Entered an ossuary
  4647 | Ossuary  | Reached XP level 7. HP: 33/53 MP: 8/8
  4996 | Ossuary  | Slain by a hornet zombie

Levels and vault maps discovered:
D:1:      zaba_arrival_water, layout_basic
D:2:      layout_basic, uniq_jessica
D:3:      layout_basic, fedhas_ov_isle_minmay, uniq_natasha
D:4:      layout_rooms, kennysheep_slug_shrine, lemuel_doored_altar,
          nicolae_ossuary_entry_monument, uniq_pikel, uniq_edmund, uniq_ijyb
Ossuary:  ossuary_zaba_flooded

Skill      XL: |  1  2  3  4  5  6  7 |
---------------+----------------------+-----
Slings         | 2 3 4 |  4.6
Fighting       | 2 3 4 |  4.1
Unarmed Combat | 1 2 3 4 |  4.2
Dodging        | |  1.7
Spellcasting   | |  1.0
Hexes          | |  3.0

Action                   |  1- 3 |  4- 6 |  7- 9 || total
-------------------------+-------+-------+-------++-------
Melee: Dagger            |    44 |    87 |     6 ||   137
 Fire: Hunting sling     |    50 |   216 |    74 ||   340
Throw: Dart              |    10 |    28 |       ||    38
  Use: Scroll            |       |     7 |     1 ||     8
       Potion            |       |     4 |     4 ||     8
 Stab: Sleeping          |     1 |       |       ||     1
       Distracted        |       |     1 |       ||     1
       Invisible         |       |       |     2 ||     2
  Eat: Chunk             |     1 |     9 |       ||    10
       Ration            |       |       |     1 ||     1
Armor: Robe              |     9 |    19 |       ||    28
       Ring mail         |       |    51 |    10 ||    61
Dodge: Dodged            |    31 |    77 |    20 ||   128

Table legend:
 A = Non-vault XP
 B = Vault XP
 C = Vault XP percentage of total XP
 D = Non-vault monster count
 E = Vault monster count
 F = Vault count percentage of total count
                 A         B        C        D         E       F
            +---------+---------+-------+---------+---------+-------
      Total |     322 |     616 |  65.7 |      76 |      21 |  21.6
            +---------+---------+-------+---------+---------+-------
        D:1 |      57 |       0 |   0.0 |      32 |       0 |   0.0
        D:2 |      55 |      37 |  40.2 |      18 |       1 |   5.3
        D:3 |     196 |      35 |  15.2 |      25 |       1 |   3.8
        D:4 |      14 |       0 |   0.0 |       1 |       0 |   0.0
    Ossuary |       0 |     544 | 100.0 |       0 |      19 | 100.0
            +---------+---------+-------+---------+---------+-------
